Griffins vs Marlies

Created - Tuesday, December 30, 2014 at 00:06

Goals
1 2 3 OT1 SO T
Griffins 0 0 1 0 1 2
Marlies 0 0 1 0 0 1
Shots
1 2 3 OT1 SO T
Griffins 6 5 18 0 8 29
Marlies 8 4 9 7 8 28

1st period

No Goal

Penalties :
Joel Armia (TOR) for Fighting (Major) at 5:16, Ben Eager (GRG) for Fighting (Major) at 5:16, George Parros (TOR) for Fighting (Major) at 6:40, Mitchell Heard (GRG) for Fighting (Major) at 6:40, George Parros (TOR) for Fighting (Major) at 12:13, Ben Eager (GRG) for Fighting (Major) at 12:13, George Parros (TOR) for instigated a fight (Minor) at 12:13, George Parros (TOR) for instigated a fight (10 Minutes Misconduct) at 12:13, Rich Clune (TOR) for Fighting (Major) at 14:24, Mitchell Heard (GRG) for Fighting (Major) at 14:24, Mike Keenan (GRG) for Hooking (Minor) at 14:42, Colton Gillies (TOR) for Fighting (Major) at 18:21, Mark Mancari (GRG) for Fighting (Major) at 18:21

2nd period

No Goal

Penalties :
Farm Player29 (TOR) for Hooking (Minor) at 6:16, Brendon Nash (TOR) for High sticking (Minor) at 15:12, Mitchell Heard (GRG) for Hooking (Minor) at 17:44

3rd period

1. Marlies , George Parros 19 (Jonathon Blum, Andrew Yogan) at 6:43
2. Griffins , John Albert 14 (Ben Eager, Mark Mancari) at 19:18

Penalties :
Farm Player29 (TOR) for Hooking (Minor) at 7:02, Farm Player24 (TOR) for Interference (Minor) at 13:28

Overtime #1

No Goal

Penalties :
No Penalty

Shootout

Penalty Shot by Matt Marquardt for Griffins - Stopped by Tyler Beskorowany
Penalty Shot by Colton Gillies for Marlies - Stopped by Joe Cannata
Penalty Shot by John Albert for Griffins - Shot Misses the Net
Penalty Shot by Shane Prince for Marlies - Stopped by Joe Cannata
Penalty Shot by Ben Eager for Griffins - Shot Misses the Net
Penalty Shot by Rich Clune for Marlies - Shot Misses the Net
Penalty Shot by Mark Mancari for Griffins - Stopped by Tyler Beskorowany
Penalty Shot by George Parros for Marlies - Shot Hit the Post
Penalty Shot by John McFarland for Griffins - Stopped by Tyler Beskorowany
Penalty Shot by Joel Armia for Marlies - Stopped by Joe Cannata
Penalty Shot by Tyler Pitlick for Griffins - Stopped by Tyler Beskorowany
Penalty Shot by Jonathon Blum for Marlies - Shot Hit the Post
Penalty Shot by Mike Angelidis for Griffins - Stopped by Tyler Beskorowany
Penalty Shot by Jake Hansen for Marlies - Stopped by Joe Cannata
Penalty Shot by Adam Clendening for Griffins - Goal!
Penalty Shot by Andrew Yogan for Marlies - Shot Misses the Net

Penalties :
No Penalty

Goalie Stats

Joe Cannata (GRG), 27 saves from 28 shots - (0.964), W, 4-6-2, 64:50 minutes
Tyler Beskorowany (TOR), 28 saves from 29 shots - (0.966), OTL, 5-3-4, 65:00 minutes

Players Stats for Griffins

Player Name              G  A  P  +/- PIM S  H  SB GA TA FO     MP     PP MP  PK MP  
------------------------------------------------------------------------------------
Adam Clendening          0  0  0   0  0   3  3  7  1  1  0/0    29:17   4:40   2:20 
Ben Eager                0  1  1   0  10  0  4  0  1  1  1/1    15:13   4:22   0:14 
Corey Trivino            0  0  0   0  0   0  0  0  0  0  0/0     0:00   0:00   0:00 
Derek Meech              0  0  0   0  0   0  2  2  0  1  0/0    22:17   4:40   0:00 
Farm Player15            0  0  0   1  0   0  0  0  0  1  0/0    15:52   0:00   2:43 
Farm Player40            0  0  0   1  0   0  0  0  0  0  0/0    15:41   0:00   0:51 
John Albert              1  0  1   0  0   5  1  0  5  2  8/12   21:44   5:39   2:44 
John McFarland           0  0  0  -1  0   1  2  0  2  3  5/11   26:25   5:17   2:00 
Jordan Owens             0  0  0   0  0   3  1  0  2  2  4/4    13:30   0:00   0:00 
Kellan Lain              0  0  0   0  0   2  1  0  0  0  1/1     7:25   0:00   0:00 
Mark Mancari             0  1  1   1  5   3  1  0  2  0  0/0    18:13   4:16   0:27 
Matt Marquardt           0  0  0   0  0   1  3  0  3  0  4/6    15:39   1:39   0:00 
Mike Angelidis           0  0  0   0  0   1  0  0  1  2  0/1    19:00   4:16   0:00 
Mike Keenan              0  0  0  -1  2   1  2  1  0  1  0/0    22:39   5:15   0:47 
Mitchell Heard           0  0  0   0  12  5  1  1  0  0  2/3     9:44   0:00   0:00 
Paul Thompson            0  0  0   0  0   1  2  2  0  0  0/1    17:13   0:00   2:08 
Tyler Eckford            0  0  0  -1  0   0  1  0  0  0  0/0    26:02   5:15   1:38 
Tyler Pitlick            0  0  0   0  0   3  2  2  2  4  10/17  20:01   4:16   0:00 

Players Stats for Marlies

Player Name              G  A  P  +/- PIM S  H  SB GA TA FO     MP     PP MP  PK MP  
------------------------------------------------------------------------------------
Andrew Yogan             0  1  1   1  0   1  3  0  3  0  9/17   17:33   1:55   0:00 
Austen Brassard          0  0  0   0  0   0  0  0  0  0  0/0     0:00   0:00   0:00 
Brendon Nash             0  0  0   0  2   2  1  2  5  3  0/0    22:30   1:15   3:38 
Colton Gillies           0  0  0   0  5   2  2  1  3  0  7/13   24:05   2:03   6:09 
Drew Schiestel           0  0  0   0  0   3  0  2  1  1  0/0    23:16   1:15   4:53 
Farm Player24            0  0  0   0  2   0  1  1  0  0  0/1    16:34   0:00   1:00 
Farm Player29            0  0  0   1  4   0  0  0  0  0  0/2    19:28   1:55   1:30 
Farm Player31            0  0  0   0  0   0  0  0  0  0  0/0     4:43   0:00   0:48 
Farm Player41            0  0  0  -1  0   0  0  0  0  0  1/1    13:21   0:00   0:00 
George Parros            1  0  1   1  22  3  5  0  1  0  0/0    13:29   1:02   1:18 
Jake Hansen              0  0  0   0  0   0  1  0  3  0  0/0    11:01   0:42   0:00 
Jason Clark              0  0  0  -1  0   3  3  0  1  2  2/7    17:39   0:00   2:06 
Joel Armia               0  0  0  -1  5   8  1  0  5  0  0/1    16:41   1:17   0:00 
Jonathon Blum            0  1  1   0  0   2  2  2  1  5  0/0    28:40   2:43   5:02 
Jordan Henry             0  0  0   0  0   0  0  0  1  0  0/0    13:04   0:00   0:00 
Morgan Ellis             0  0  0   0  0   1  1  3  0  0  0/0    25:31   2:43   5:02 
Rich Clune               0  0  0   0  5   2  5  0  3  1  1/6    16:15   0:57   2:05 
Shane Prince             0  0  0   0  0   1  0  0  1  1  2/9    26:06   2:03   6:09 

3 Stars

1 - Tyler Beskorowany (TOR)
2 - Joe Cannata (GRG)
3 - John Albert (GRG)

Power Play

Griffins - 0 on 5 Attempt(s) - 0.00%
Marlies - 0 on 2 Attempt(s) - 0.00%

Penalty Kill

Griffins - 2 on 2 Attempt(s) - 100.00% - Score 0 goal in Penalty Kill
Marlies - 5 on 5 Attempt(s) - 100.00% - Score 0 goal in Penalty Kill

Official

Referees : Unknown
Linesman : Unknown

Game Notes

Joel Armia and Ben Eager fight to a draw at 5:16 of 1st period
George Parros and Mitchell Heard fight to a draw at 6:40 of 1st period
George Parros beats up Ben Eager at 12:13 of 1st period
Mitchell Heard beats up Rich Clune at 14:24 of 1st period
Mark Mancari beats up Colton Gillies at 18:21 of 1st period

Finance

Level 1 -- Attendance: 1363 (68.15%) -- Ticket Income $47,705
Level 2 -- Attendance: 765 (76.50%) -- Ticket Income $7,650
Total Attendance: 2128 (70.93%)
Total Ticket Income: $55,355
Other Income: $27,124
Total Income: $82,479

Griffins

5 vs 5 Forward 
   Center                   Left Wing                Right Wing               Time % Phy DF OF 
 1 John Albert              John McFarland           Ben Eager                35     1   2  2  
 2 Tyler Pitlick            Mike Angelidis           Mark Mancari             30     1   2  2  
 3 Matt Marquardt           Kellan Lain              John McFarland           22     1   2  2  
 4 Mitchell Heard           Jordan Owens             Paul Thompson            13     1   2  2  

5 vs 5 Defense 
   Defense                  Defense                                           Time % Phy DF OF 
 1 Adam Clendening          Derek Meech                                       35     1   2  2  
 2 Tyler Eckford            Mike Keenan                                       30     1   2  2  
 3 Farm Player15            Farm Player40                                     22     1   2  2  
 4 Adam Clendening          Tyler Eckford                                     13     1   2  2  

PowerPlay Forward 
   Center                   Left Wing                Right Wing               Time % Phy DF OF 
 1 John Albert              John McFarland           Ben Eager                60     1   2  2  
 2 Tyler Pitlick            Mike Angelidis           Mark Mancari             40     1   2  2  

PowerPlay Defense
   Defense                  Defense                                           Time % Phy DF OF 
 1 Adam Clendening          Derek Meech                                       60     1   2  2  
 2 Tyler Eckford            Mike Keenan                                       40     1   2  2  

Penalty Kill 4 Players Forward 
   Center                   Wing                     Time % Phy DF OF 
 1 John McFarland           John Albert              60     1   2  2  
 2 Ben Eager                Mark Mancari             40     1   2  2  

Penalty Kill 4 Players Defense
   Defense                  Defense                  Time % Phy DF OF 
 1 Adam Clendening          Farm Player15            60     1   2  2  
 2 Tyler Eckford            Mike Keenan              40     1   2  2  

Penalty Kill - 3 Players Forward 
   Forward                                           Time % Phy DF OF 
 1 Ben Eager                                         60     1   2  2  
 2 John Albert                                       40     1   2  2  

Penalty Kill - 3 Players Defense
   Defense                  Defense                  Time % Phy DF OF 
 1 Adam Clendening          Derek Meech              60     1   2  2  
 2 Tyler Eckford            Mike Keenan              40     1   2  2  

4 vs 4 Forward 
   Center                   Wing                     Time % Phy DF OF 
 1 John McFarland           John Albert              60     1   2  2  
 2 Ben Eager                Mark Mancari             40     1   2  2  

4 vs 4 Defense
   Defense                  Defense                  Time % Phy DF OF 
 1 Adam Clendening          Farm Player40            60     1   2  2  
 2 Tyler Eckford            Mike Keenan              40     1   2  2  

Last Minutes Offensive
   Center                   Left Wing                Right Wing               Defense                  Defense                  
   John Albert              Mark Mancari             Ben Eager                Adam Clendening          Derek Meech              

Last Minutes Defensive
   Center                   Left Wing                Right Wing               Defense                  Defense                  
   John Albert              Mark Mancari             Ben Eager                Adam Clendening          Derek Meech              

Goaltenders
Starting : Joe Cannata              
Backup : Jeff Deslauriers         

Extra Forwards
Normal : John McFarland, Matt Marquardt, Paul Thompson - PP : John McFarland, Matt Marquardt - PK : Paul Thompson
Extra Defensemen
Normal : Farm Player15, Farm Player40, Tyler Eckford - PP : Farm Player15 - PK : Farm Player40, Tyler Eckford
Penalty Shots
Matt Marquardt, John Albert, Ben Eager, Mark Mancari, John McFarland

Marlies

5 vs 5 Forward 
   Center                   Left Wing                Right Wing               Time % Phy DF OF 
 1 Shane Prince             Colton Gillies           Rich Clune               35     1   2  2  
 2 Andrew Yogan             Farm Player29            George Parros            30     1   2  2  
 3 Jason Clark              Farm Player41            Joel Armia               22     1   2  2  
 4 Colton Gillies           Shane Prince             Jake Hansen              13     1   2  2  

5 vs 5 Defense 
   Defense                  Defense                                           Time % Phy DF OF 
 1 Jonathon Blum            Morgan Ellis                                      35     1   2  2  
 2 Drew Schiestel           Brendon Nash                                      30     1   2  2  
 3 Jordan Henry             Farm Player24                                     22     1   2  2  
 4 Farm Player31            Jonathon Blum                                     13     1   2  2  

PowerPlay Forward 
   Center                   Left Wing                Right Wing               Time % Phy DF OF 
 1 Shane Prince             Colton Gillies           Rich Clune               60     1   2  2  
 2 Andrew Yogan             Farm Player29            George Parros            40     1   2  2  

PowerPlay Defense
   Defense                  Defense                                           Time % Phy DF OF 
 1 Jonathon Blum            Morgan Ellis                                      60     1   2  2  
 2 Drew Schiestel           Brendon Nash                                      40     1   2  2  

Penalty Kill 4 Players Forward 
   Center                   Wing                     Time % Phy DF OF 
 1 Colton Gillies           Shane Prince             60     1   2  2  
 2 Rich Clune               George Parros            40     1   2  2  

Penalty Kill 4 Players Defense
   Defense                  Defense                  Time % Phy DF OF 
 1 Jonathon Blum            Morgan Ellis             60     1   2  2  
 2 Drew Schiestel           Brendon Nash             40     1   2  2  

Penalty Kill - 3 Players Forward 
   Forward                                           Time % Phy DF OF 
 1 Colton Gillies                                    60     1   2  2  
 2 Shane Prince                                      40     1   2  2  

Penalty Kill - 3 Players Defense
   Defense                  Defense                  Time % Phy DF OF 
 1 Jonathon Blum            Morgan Ellis             60     1   2  2  
 2 Drew Schiestel           Brendon Nash             40     1   2  2  

4 vs 4 Forward 
   Center                   Wing                     Time % Phy DF OF 
 1 Colton Gillies           Shane Prince             60     1   2  2  
 2 Rich Clune               George Parros            40     1   2  2  

4 vs 4 Defense
   Defense                  Defense                  Time % Phy DF OF 
 1 Jonathon Blum            Morgan Ellis             60     1   2  2  
 2 Drew Schiestel           Brendon Nash             40     1   2  2  

Last Minutes Offensive
   Center                   Left Wing                Right Wing               Defense                  Defense                  
   Shane Prince             Colton Gillies           Rich Clune               Jonathon Blum            Morgan Ellis             

Last Minutes Defensive
   Center                   Left Wing                Right Wing               Defense                  Defense                  
   Shane Prince             Colton Gillies           Rich Clune               Jonathon Blum            Morgan Ellis             

Goaltenders
Starting : Tyler Beskorowany        
Backup : Anders Nilsson           

Extra Forwards
Normal : Joel Armia, Jake Hansen, Jason Clark - PP : Joel Armia, Jake Hansen - PK : Jason Clark
Extra Defensemen
Normal : Jordan Henry, Farm Player24, Farm Player41 - PP : Jordan Henry - PK : Farm Player24, Farm Player41
Penalty Shots
Colton Gillies, Shane Prince, Rich Clune, George Parros, Joel Armia

% Time on Ice - Griffins

Lines # - Real PCT - Wanted PCT - Time Play
Normal Forward
1 - 23% - 35% - 10:35
2 - 32% - 30% - 14:44
3 - 16% - 22% - 7:25
4 - 29% - 13% - 13:08
Normal Defense
1 - 38% - 35% - 17:37
2 - 32% - 30% - 14:43
3 - 25% - 22% - 11:29
4 - 4% - 13% - 2:03
PP Forward
1 - 57% - 60% - 5:39
2 - 43% - 40% - 4:16
PP Defense
1 - 47% - 60% - 4:40
2 - 53% - 40% - 5:15
PK Forward
1 - 89% - 60% - 3:31
2 - 11% - 40% - 0:27
PK Defense
1 - 59% - 60% - 2:20
2 - 41% - 40% - 1:38
PK3 Forward
1 - 0% - 60%
2 - 0% - 40%
PK3 Defense
1 - 0% - 60%
2 - 0% - 40%
44 Forward
1 - 86% - 60% - 4:19
2 - 14% - 40% - 0:41
44 Defense
1 - 52% - 60% - 2:37
2 - 48% - 40% - 2:23
Last Minute Offensive  - 0:15
Last Minute Defensive  - 0:00
Total
Forward - 65:00
Defense - 65:00

% Time on Ice - Marlies

Lines # - Real PCT - Wanted PCT - Time Play
Normal Forward
1 - 30% - 35% - 13:54
2 - 35% - 30% - 16:20
3 - 27% - 22% - 12:38
4 - 7% - 13% - 3:15
Normal Defense
1 - 32% - 35% - 14:32
2 - 33% - 30% - 15:22
3 - 27% - 22% - 12:18
4 - 8% - 13% - 3:55
PP Forward
1 - 52% - 60% - 2:03
2 - 48% - 40% - 1:55
PP Defense
1 - 68% - 60% - 2:43
2 - 32% - 40% - 1:15
PK Forward
1 - 79% - 60% - 7:50
2 - 21% - 40% - 2:05
PK Defense
1 - 51% - 60% - 5:02
2 - 49% - 40% - 4:53
PK3 Forward
1 - 0% - 60%
2 - 0% - 40%
PK3 Defense
1 - 0% - 60%
2 - 0% - 40%
44 Forward
1 - 85% - 60% - 4:16
2 - 15% - 40% - 0:44
44 Defense
1 - 65% - 60% - 3:14
2 - 35% - 40% - 1:46
Last Minute Offensive  - 0:00
Last Minute Defensive  - 0:00
Total
Forward - 65:00
Defense - 65:00

Play by Play

1st period


0:01 of 1st period - John Albert wins face-off versus Rich Clune in neutral zone.
0:04 of 1st period - Morgan Ellis is hit by Ben Eager and loses puck.
0:35 of 1st period - Backhand shot by Ben Eager.
0:35 of 1st period - Deflect By John Albert.
0:35 of 1st period - Shot Blocked by Jonathon Blum.
0:35 of 1st period - Puck is out of play.
0:36 of 1st period - Andrew Yogan wins face-off versus Tyler Pitlick in Marlies zone.
1:12 of 1st period - Slapshot by George Parros.
1:12 of 1st period - Stopped by Joe Cannata with a rebound.
1:28 of 1st period - Farm Player41 is hit by Mike Keenan and loses puck.
1:43 of 1st period - Jason Clark is hit by Jordan Owens and loses puck.
1:54 of 1st period - Slapshot by Mitchell Heard.
1:54 of 1st period - Shot Blocked by Farm Player24.
2:20 of 1st period - Wrist shot by Matt Marquardt.
2:20 of 1st period - Stopped by Tyler Beskorowany with a rebound.
2:28 of 1st period - Matt Marquardt is hit by Colton Gillies and loses puck.
3:26 of 1st period - Tyler Pitlick is hit by George Parros and loses puck.
4:26 of 1st period - Icing by Paul Thompson.
4:27 of 1st period - Mitchell Heard wins face-off versus Rich Clune in Griffins zone.
4:27 of 1st period - Mitchell Heard is hit by Rich Clune.
4:40 of 1st period - Icing by Mitchell Heard.
4:41 of 1st period - Jordan Owens wins face-off versus Andrew Yogan in Griffins zone.
4:41 of 1st period - Jordan Owens is hit by Andrew Yogan.
5:16 of 1st period - Joel Armia and Ben Eager fight to a draw.
5:16 of 1st period - Penalty to Joel Armia for Fighting.
5:16 of 1st period - Penalty to Ben Eager for Fighting.
5:17 of 1st period - Tyler Pitlick wins face-off versus Shane Prince in neutral zone.
5:28 of 1st period - Backhand shot by Tyler Pitlick.
5:28 of 1st period - Stopped by Tyler Beskorowany with a rebound.
5:30 of 1st period - Slapshot by Adam Clendening.
5:30 of 1st period - Stopped by Tyler Beskorowany with a rebound.
6:10 of 1st period - Andrew Yogan is hit by Matt Marquardt and loses puck.
6:26 of 1st period - Farm Player24 is hit by Matt Marquardt and loses puck.
6:40 of 1st period - George Parros and Mitchell Heard fight to a draw.
6:40 of 1st period - Penalty to George Parros for Fighting.
6:40 of 1st period - Penalty to Mitchell Heard for Fighting.
6:41 of 1st period - Jason Clark wins face-off versus Tyler Pitlick in Marlies zone.
6:50 of 1st period - Icing by Mark Mancari.
6:51 of 1st period - Farm Player41 wins face-off versus Tyler Pitlick in Griffins zone.
7:22 of 1st period - Slapshot by Jonathon Blum.
7:22 of 1st period - Shot Misses the Net.
7:24 of 1st period - Snap shot by Jake Hansen.
7:24 of 1st period - Shot Misses the Net.
7:33 of 1st period - Icing by Mike Angelidis.
7:34 of 1st period - Shane Prince wins face-off versus Tyler Pitlick in Griffins zone.
7:55 of 1st period - Snap shot by Rich Clune.
7:55 of 1st period - Deflect By Colton Gillies.
7:55 of 1st period - Shot Hit the Post.
7:55 of 1st period - Puck is out of play.
7:56 of 1st period - John Albert wins face-off versus Andrew Yogan in Griffins zone.
8:58 of 1st period - Wrist shot by Colton Gillies.
8:58 of 1st period - Stopped by Joe Cannata with a rebound.
9:00 of 1st period - Wrist shot by Shane Prince.
9:00 of 1st period - Shot Misses the Net.
9:02 of 1st period - Slapshot by Brendon Nash.
9:02 of 1st period - Deflect By Jordan Owens.
9:02 of 1st period - Stopped by Joe Cannata with a rebound.
9:17 of 1st period - Wrist shot by Colton Gillies.
9:17 of 1st period - Shot Misses the Net.
9:19 of 1st period - Snap shot by Colton Gillies.
9:19 of 1st period - Shot Misses the Net.
9:21 of 1st period - Slapshot by Drew Schiestel.
9:21 of 1st period - Stopped by Joe Cannata without a rebound.
9:22 of 1st period - Kellan Lain wins face-off versus Jason Clark in Griffins zone.
9:29 of 1st period - John McFarland is hit by Farm Player24 and loses puck.
9:44 of 1st period - Slapshot by Jonathon Blum.
9:44 of 1st period - Shot Misses the Net.
9:46 of 1st period - Slapshot by Jonathon Blum.
9:46 of 1st period - Shot Misses the Net.
9:48 of 1st period - Slapshot by Jonathon Blum.
9:48 of 1st period - Shot Misses the Net.
10:07 of 1st period - Slapshot by Jonathon Blum.
10:07 of 1st period - Shot Misses the Net.
10:09 of 1st period - Wrist shot by Jonathon Blum.
10:09 of 1st period - Shot Misses the Net.
11:04 of 1st period - Icing by Colton Gillies.
11:05 of 1st period - Jordan Owens wins face-off versus Shane Prince in Marlies zone.
11:28 of 1st period - Slapshot by Joel Armia.
11:28 of 1st period - Stopped by Joe Cannata with a rebound.
11:30 of 1st period - Slapshot by Jonathon Blum.
11:30 of 1st period - Stopped by Joe Cannata with a rebound.
11:32 of 1st period - Wrist shot by Jonathon Blum.
11:32 of 1st period - Shot Blocked by Paul Thompson.
11:34 of 1st period - Slapshot by Joel Armia.
11:34 of 1st period - Shot Misses the Net.
11:36 of 1st period - Snap shot by Joel Armia.
11:36 of 1st period - Shot Blocked by Tyler Pitlick.
12:13 of 1st period - George Parros beats up Ben Eager.
12:13 of 1st period - Penalty to George Parros for Fighting.
12:13 of 1st period - Penalty to Ben Eager for Fighting.
12:13 of 1st period - Penalty to George Parros for instigated a fight.
12:13 of 1st period - Penalty to George Parros for instigated a fight.
12:14 of 1st period - John Albert wins face-off versus Shane Prince in Marlies zone.
12:45 of 1st period - Wrist shot by Adam Clendening.
12:45 of 1st period - Stopped by Tyler Beskorowany without a rebound.
12:46 of 1st period - Colton Gillies wins face-off versus John Albert in Marlies zone.
12:46 of 1st period - Colton Gillies is hit by John Albert.
13:04 of 1st period - Snap shot by John Albert.
13:04 of 1st period - Shot Blocked by Drew Schiestel.
13:22 of 1st period - Shane Prince is hit by Mark Mancari and loses puck.
13:27 of 1st period - Slapshot by Tyler Pitlick.
13:27 of 1st period - Stopped by Tyler Beskorowany with a rebound.
13:29 of 1st period - Slapshot by Adam Clendening.
13:29 of 1st period - Deflect By Shane Prince.
13:29 of 1st period - Stopped by Tyler Beskorowany without a rebound.
13:30 of 1st period - Colton Gillies wins face-off versus John McFarland in Marlies zone.
14:13 of 1st period - Penalty to George Parros is over, Farm Player24 is send on ice.
14:13 of 1st period - Slapshot by Jonathon Blum.
14:13 of 1st period - Shot Blocked by Adam Clendening.
14:15 of 1st period - Wrist shot by Jonathon Blum.
14:15 of 1st period - Stopped by Joe Cannata with a rebound.
14:24 of 1st period - Mitchell Heard beats up Rich Clune.
14:24 of 1st period - Penalty to Rich Clune for Fighting.
14:24 of 1st period - Penalty to Mitchell Heard for Fighting.
14:25 of 1st period - Andrew Yogan wins face-off versus John McFarland in Marlies zone.
14:25 of 1st period - Andrew Yogan is hit by Paul Thompson.
14:42 of 1st period - Minor Penalty to Mike Keenan for Hooking.
14:43 of 1st period - John McFarland wins face-off versus Andrew Yogan in Griffins zone.
14:43 of 1st period - John McFarland is hit by Joel Armia.
14:53 of 1st period - Off-side.
14:54 of 1st period - John McFarland wins face-off versus Farm Player29 in neutral zone.
16:42 of 1st period - Penalty to Mike Keenan is over, Mike Keenan is back on ice.
17:10 of 1st period - Icing by Jordan Henry.
17:11 of 1st period - Jason Clark wins face-off versus Matt Marquardt in Marlies zone.
17:29 of 1st period - Adam Clendening is hit by Brendon Nash and loses puck.
17:48 of 1st period - Icing by Jake Hansen.
17:49 of 1st period - Matt Marquardt wins face-off versus Andrew Yogan in Marlies zone.
17:52 of 1st period - Slapshot by Jordan Owens.
17:52 of 1st period - Shot Misses the Net.
18:04 of 1st period - Snap shot by Paul Thompson.
18:04 of 1st period - Deflect By Jordan Owens.
18:04 of 1st period - Shot Misses the Net.
18:04 of 1st period - Puck is out of play.
18:05 of 1st period - Matt Marquardt wins face-off versus Shane Prince in Marlies zone.
18:14 of 1st period - Snap shot by Colton Gillies.
18:14 of 1st period - Deflect By Shane Prince.
18:14 of 1st period - Stopped by Joe Cannata without a rebound.
18:15 of 1st period - Tyler Pitlick wins face-off versus Shane Prince in Griffins zone.
18:21 of 1st period - Mark Mancari beats up Colton Gillies.
18:21 of 1st period - Penalty to Colton Gillies for Fighting.
18:21 of 1st period - Penalty to Mark Mancari for Fighting.
18:22 of 1st period - Andrew Yogan wins face-off versus Mike Angelidis in Marlies zone.
18:45 of 1st period - Joel Armia is hit by Adam Clendening and loses puck.
19:10 of 1st period - Wrist shot by Jake Hansen.
19:10 of 1st period - Shot Misses the Net.
19:12 of 1st period - Slapshot by Brendon Nash.
19:12 of 1st period - Shot Blocked by Derek Meech.
19:28 of 1st period - Slapshot by Brendon Nash.
19:28 of 1st period - Shot Blocked by Adam Clendening.
19:30 of 1st period - Wrist shot by Jake Hansen.
19:30 of 1st period - Shot Blocked by Derek Meech.
Goals for this period are 0 for Griffins vs 0 for Marlies.
Shots for this period are 6 for Griffins vs 8 for Marlies.

2nd period


0:01 of 2nd period - John Albert wins face-off versus Joel Armia in neutral zone.
0:12 of 2nd period - Snap shot by Ben Eager.
0:12 of 2nd period - Shot Blocked by Jonathon Blum.
0:14 of 2nd period - Slapshot by Mike Keenan.
0:14 of 2nd period - Shot Blocked by Morgan Ellis.
0:16 of 2nd period - Snap shot by John Albert.
0:16 of 2nd period - Stopped by Tyler Beskorowany with a rebound.
0:18 of 2nd period - Slapshot by Ben Eager.
0:18 of 2nd period - Shot Hit the Post.
0:20 of 2nd period - Wrist shot by John McFarland.
0:20 of 2nd period - Stopped by Tyler Beskorowany without a rebound.
0:21 of 2nd period - Andrew Yogan wins face-off versus Tyler Pitlick in Marlies zone.
0:45 of 2nd period - Icing by Brendon Nash.
0:46 of 2nd period - Andrew Yogan wins face-off versus John Albert in Marlies zone.
1:01 of 2nd period - Snap shot by Joel Armia.
1:01 of 2nd period - Stopped by Joe Cannata without a rebound.
1:02 of 2nd period - John McFarland wins face-off versus Shane Prince in Griffins zone.
1:02 of 2nd period - John McFarland is hit by Jonathon Blum.
1:39 of 2nd period - Jason Clark is hit by Tyler Eckford and loses puck.
1:56 of 2nd period - Jason Clark is hit by Matt Marquardt.
2:06 of 2nd period - Off-side.
2:07 of 2nd period - Mitchell Heard wins face-off versus Andrew Yogan in neutral zone.
2:10 of 2nd period - Slapshot by Adam Clendening.
2:10 of 2nd period - Deflect By Paul Thompson.
2:10 of 2nd period - Shot Misses the Net.
2:10 of 2nd period - Puck is out of play.
2:11 of 2nd period - Jordan Owens wins face-off versus Andrew Yogan in Marlies zone.
3:09 of 2nd period - Slapshot by Tyler Pitlick.
3:09 of 2nd period - Shot Misses the Net.
3:36 of 2nd period - John Albert is hit by Jason Clark and loses puck.
3:43 of 2nd period - Wrist shot by Jason Clark.
3:43 of 2nd period - Stopped by Joe Cannata with a rebound.
3:45 of 2nd period - Slapshot by Drew Schiestel.
3:45 of 2nd period - Stopped by Joe Cannata with a rebound.
3:47 of 2nd period - Slapshot by Joel Armia.
3:47 of 2nd period - Stopped by Joe Cannata with a rebound.
4:29 of 2nd period - Paul Thompson is hit by Colton Gillies and loses puck.
5:19 of 2nd period - Rich Clune is hit by Tyler Pitlick and loses puck.
5:24 of 2nd period - Backhand shot by Mike Angelidis.
5:24 of 2nd period - Stopped by Tyler Beskorowany with a rebound.
5:45 of 2nd period - Icing by Matt Marquardt.
5:46 of 2nd period - Andrew Yogan wins face-off versus John Albert in Griffins zone.
5:47 of 2nd period - Slapshot by Brendon Nash.
5:47 of 2nd period - Shot Blocked by Adam Clendening.
6:07 of 2nd period - Snap shot by John Albert.
6:07 of 2nd period - Shot Misses the Net.
6:16 of 2nd period - Minor Penalty to Farm Player29 for Hooking.
6:17 of 2nd period - Tyler Pitlick wins face-off versus Colton Gillies in Marlies zone.
6:39 of 2nd period - Snap shot by Mark Mancari.
6:39 of 2nd period - Stopped by Tyler Beskorowany with a rebound.
6:53 of 2nd period - Jonathon Blum is hit by Ben Eager and loses puck.
7:13 of 2nd period - 10 Minutes Misconduct Penalty to George Parros is over.
7:16 of 2nd period - Tyler Eckford is hit by Rich Clune and loses puck.
7:22 of 2nd period - Icing by Tyler Eckford.
7:23 of 2nd period - Tyler Pitlick wins face-off versus Rich Clune in Griffins zone.
8:16 of 2nd period - Penalty to Farm Player29 is over, Farm Player29 is back on ice.
8:37 of 2nd period - Brendon Nash is hit by Derek Meech and loses puck.
8:42 of 2nd period - Slapshot by Mitchell Heard.
8:42 of 2nd period - Shot Misses the Net.
9:57 of 2nd period - Paul Thompson is hit by George Parros and loses puck.
11:43 of 2nd period - Ben Eager is hit by Rich Clune and loses puck.
12:37 of 2nd period - Drew Schiestel is hit by Kellan Lain and loses puck.
13:48 of 2nd period - Snap shot by Mike Angelidis.
13:48 of 2nd period - Shot Misses the Net.
14:49 of 2nd period - Slapshot by Adam Clendening.
14:49 of 2nd period - Shot Blocked by Brendon Nash.
14:57 of 2nd period - Wrist shot by Colton Gillies.
14:57 of 2nd period - Shot Blocked by Adam Clendening.
15:12 of 2nd period - Minor Penalty to Brendon Nash for High sticking.
15:13 of 2nd period - Colton Gillies wins face-off versus John Albert in Marlies zone.
15:13 of 2nd period - Colton Gillies is hit by John McFarland.
15:20 of 2nd period - Icing by Ben Eager.
15:21 of 2nd period - John Albert wins face-off versus Colton Gillies in Griffins zone.
15:26 of 2nd period - Drew Schiestel is hit by John McFarland and loses puck.
15:54 of 2nd period - Jonathon Blum is hit by Tyler Pitlick and loses puck.
16:11 of 2nd period - Backhand shot by Ben Eager.
16:11 of 2nd period - Deflect By John Albert.
16:11 of 2nd period - Shot Blocked by Morgan Ellis.
16:11 of 2nd period - Puck is out of play.
16:12 of 2nd period - John Albert wins face-off versus Farm Player24 in Marlies zone.
16:31 of 2nd period - Snap shot by John Albert.
16:31 of 2nd period - Shot Blocked by Drew Schiestel.
16:49 of 2nd period - Snap shot by Tyler Pitlick.
16:49 of 2nd period - Shot Misses the Net.
16:59 of 2nd period - Slapshot by Adam Clendening.
16:59 of 2nd period - Deflect By Mark Mancari.
16:59 of 2nd period - Shot Misses the Net.
16:59 of 2nd period - Puck is out of play.
17:00 of 2nd period - Tyler Pitlick wins face-off versus Rich Clune in Marlies zone.
17:12 of 2nd period - Penalty to Brendon Nash is over, Brendon Nash is back on ice.
17:33 of 2nd period - Mitchell Heard is hit by George Parros and loses puck.
17:44 of 2nd period - Minor Penalty to Mitchell Heard for Hooking.
17:45 of 2nd period - Andrew Yogan wins face-off versus John McFarland in Griffins zone.
18:02 of 2nd period - Wrist shot by John Albert.
18:02 of 2nd period - Stopped by Tyler Beskorowany without a rebound.
18:03 of 2nd period - John McFarland wins face-off versus Andrew Yogan in Marlies zone.
18:36 of 2nd period - Morgan Ellis is hit by Adam Clendening and loses puck.
18:56 of 2nd period - Off-side.
18:57 of 2nd period - Shane Prince wins face-off versus Paul Thompson in neutral zone.
19:22 of 2nd period - Snap shot by George Parros.
19:22 of 2nd period - Shot Misses the Net.
19:44 of 2nd period - Penalty to Mitchell Heard is over, Mitchell Heard is back on ice.
19:59 of 2nd period - Icing by Joel Armia.
Goals for this period are 0 for Griffins vs 0 for Marlies.
Shots for this period are 5 for Griffins vs 4 for Marlies.

3rd period


0:01 of 3rd period - John Albert wins face-off versus Rich Clune in neutral zone.
0:12 of 3rd period - Snap shot by Rich Clune.
0:12 of 3rd period - Stopped by Joe Cannata with a rebound.
0:22 of 3rd period - Snap shot by Ben Eager.
0:22 of 3rd period - Shot Blocked by Morgan Ellis.
0:24 of 3rd period - Snap shot by John Albert.
0:24 of 3rd period - Deflect By Colton Gillies.
0:24 of 3rd period - Shot Misses the Net.
0:24 of 3rd period - Puck is out of play.
0:25 of 3rd period - Tyler Pitlick wins face-off versus Jason Clark in Marlies zone.
0:38 of 3rd period - Snap shot by Tyler Pitlick.
0:38 of 3rd period - Shot Misses the Net.
0:52 of 3rd period - Mark Mancari is hit by Jason Clark and loses puck.
0:59 of 3rd period - Wrist shot by Joel Armia.
0:59 of 3rd period - Shot Misses the Net.
1:18 of 3rd period - Matt Marquardt is hit by George Parros.
1:36 of 3rd period - Andrew Yogan is hit by Derek Meech and loses puck.
1:45 of 3rd period - Snap shot by Kellan Lain.
1:45 of 3rd period - Shot Misses the Net.
1:49 of 3rd period - Snap shot by Kellan Lain.
1:49 of 3rd period - Stopped by Tyler Beskorowany with a rebound.
2:23 of 3rd period - Colton Gillies is hit by Paul Thompson and loses puck.
2:34 of 3rd period - Paul Thompson is hit by Rich Clune and loses puck.
4:17 of 3rd period - Snap shot by Jonathon Blum.
4:17 of 3rd period - Deflect By Joel Armia.
4:17 of 3rd period - Shot Blocked by Adam Clendening.
4:17 of 3rd period - Puck is out of play.
4:18 of 3rd period - Matt Marquardt wins face-off versus Jason Clark in Griffins zone.
4:45 of 3rd period - Rich Clune is hit by Mitchell Heard and loses puck.
5:03 of 3rd period - Icing by Tyler Eckford.
5:04 of 3rd period - Tyler Pitlick wins face-off versus Andrew Yogan in Griffins zone.
5:37 of 3rd period - John Albert is hit by Jake Hansen and loses puck.
6:27 of 3rd period - Wrist shot by Colton Gillies.
6:27 of 3rd period - Shot Misses the Net.
6:43 of 3rd period - Slapshot by Jonathon Blum.
6:43 of 3rd period - Deflect By George Parros.
6:43 of 3rd period - Goal by George Parros - Griffins : 0 - Marlies : 1.
6:44 of 3rd period - Tyler Pitlick wins face-off versus Jason Clark in neutral zone.
6:52 of 3rd period - Morgan Ellis is hit by Adam Clendening and loses puck.
6:57 of 3rd period - Wrist shot by Tyler Pitlick.
6:57 of 3rd period - Shot Misses the Net.
6:59 of 3rd period - Backhand shot by Mark Mancari.
6:59 of 3rd period - Stopped by Tyler Beskorowany without a rebound.
7:00 of 3rd period - Andrew Yogan wins face-off versus Mitchell Heard in Marlies zone.
7:02 of 3rd period - Minor Penalty to Farm Player29 for Hooking.
7:03 of 3rd period - Tyler Pitlick wins face-off versus Colton Gillies in Marlies zone.
7:09 of 3rd period - Snap shot by Mark Mancari.
7:09 of 3rd period - Shot Misses the Net.
7:11 of 3rd period - Snap shot by Mark Mancari.
7:11 of 3rd period - Stopped by Tyler Beskorowany with a rebound.
7:15 of 3rd period - Snap shot by Mark Mancari.
7:15 of 3rd period - Shot Blocked by Colton Gillies.
8:18 of 3rd period - Wrist shot by Mark Mancari.
8:18 of 3rd period - Shot Misses the Net.
8:20 of 3rd period - Slapshot by Mike Keenan.
8:20 of 3rd period - Shot Blocked by Brendon Nash.
8:22 of 3rd period - Slapshot by Mike Keenan.
8:22 of 3rd period - Deflect By Rich Clune.
8:22 of 3rd period - Stopped by Tyler Beskorowany without a rebound.
8:23 of 3rd period - Rich Clune wins face-off versus Tyler Pitlick in Marlies zone.
9:02 of 3rd period - Penalty to Farm Player29 is over, Farm Player29 is back on ice.
9:18 of 3rd period - Snap shot by Joel Armia.
9:18 of 3rd period - Deflect By Jordan Owens.
9:18 of 3rd period - Stopped by Joe Cannata with a rebound.
9:55 of 3rd period - Snap shot by Andrew Yogan.
9:55 of 3rd period - Shot Misses the Net.
9:59 of 3rd period - Snap shot by Andrew Yogan.
9:59 of 3rd period - Deflect By George Parros.
9:59 of 3rd period - Stopped by Joe Cannata without a rebound.
10:00 of 3rd period - Andrew Yogan wins face-off versus Matt Marquardt in Griffins zone.
10:45 of 3rd period - Slapshot by Tyler Pitlick.
10:45 of 3rd period - Stopped by Tyler Beskorowany with a rebound.
10:47 of 3rd period - Slapshot by Mark Mancari.
10:47 of 3rd period - Shot Misses the Net.
11:58 of 3rd period - Jordan Owens is hit by Andrew Yogan.
12:12 of 3rd period - Mike Angelidis is hit by Morgan Ellis and loses puck.
12:29 of 3rd period - Wrist shot by Colton Gillies.
12:29 of 3rd period - Stopped by Joe Cannata with a rebound.
12:35 of 3rd period - Slapshot by Colton Gillies.
12:35 of 3rd period - Shot Blocked by Tyler Pitlick.
12:57 of 3rd period - Snap shot by Andrew Yogan.
12:57 of 3rd period - Stopped by Joe Cannata with a rebound.
13:28 of 3rd period - Minor Penalty to Farm Player24 for Interference.
13:29 of 3rd period - Ben Eager wins face-off versus Colton Gillies in Marlies zone.
13:29 of 3rd period - Wrist shot by John Albert.
13:29 of 3rd period - Stopped by Tyler Beskorowany without a rebound.
13:30 of 3rd period - John Albert wins face-off versus Colton Gillies in Marlies zone.
14:15 of 3rd period - Jonathon Blum is hit by Ben Eager.
14:19 of 3rd period - John Albert is hit by George Parros and loses puck.
14:36 of 3rd period - Off-side.
14:37 of 3rd period - Colton Gillies wins face-off versus Tyler Pitlick in neutral zone.
15:11 of 3rd period - Wrist shot by Jason Clark.
15:11 of 3rd period - Stopped by Joe Cannata with a rebound.
15:13 of 3rd period - Slapshot by Brendon Nash.
15:13 of 3rd period - Deflect By John Albert.
15:13 of 3rd period - Stopped by Joe Cannata with a rebound.
15:28 of 3rd period - Penalty to Farm Player24 is over, Farm Player24 is back on ice.
16:05 of 3rd period - Snap shot by Mitchell Heard.
16:05 of 3rd period - Stopped by Tyler Beskorowany with a rebound.
16:07 of 3rd period - Snap shot by Paul Thompson.
16:07 of 3rd period - Shot Misses the Net.
16:09 of 3rd period - Wrist shot by Jordan Owens.
16:09 of 3rd period - Stopped by Tyler Beskorowany with a rebound.
16:11 of 3rd period - Snap shot by Jordan Owens.
16:11 of 3rd period - Stopped by Tyler Beskorowany without a rebound.
16:12 of 3rd period - Jordan Owens wins face-off versus Farm Player29 in Marlies zone.
16:15 of 3rd period - Wrist shot by Mitchell Heard.
16:15 of 3rd period - Stopped by Tyler Beskorowany with a rebound.
16:17 of 3rd period - Slapshot by Mitchell Heard.
16:17 of 3rd period - Stopped by Tyler Beskorowany with a rebound.
16:19 of 3rd period - Wrist shot by Paul Thompson.
16:19 of 3rd period - Deflect By Mitchell Heard.
16:19 of 3rd period - Stopped by Tyler Beskorowany with a rebound.
16:23 of 3rd period - Slapshot by Paul Thompson.
16:23 of 3rd period - Stopped by Tyler Beskorowany with a rebound.
16:25 of 3rd period - Wrist shot by Jordan Owens.
16:25 of 3rd period - Stopped by Tyler Beskorowany with a rebound.
16:27 of 3rd period - Slapshot by Mitchell Heard.
16:27 of 3rd period - Stopped by Tyler Beskorowany with a rebound.
16:29 of 3rd period - Slapshot by Farm Player15.
16:29 of 3rd period - Shot Misses the Net.
17:05 of 3rd period - Slapshot by Ben Eager.
17:05 of 3rd period - Deflect By Kellan Lain.
17:05 of 3rd period - Stopped by Tyler Beskorowany with a rebound.
17:33 of 3rd period - Mike Angelidis is hit by Jason Clark and loses puck.
18:14 of 3rd period - Snap shot by Colton Gillies.
18:14 of 3rd period - Shot Blocked by Paul Thompson.
18:16 of 3rd period - Snap shot by Colton Gillies.
18:16 of 3rd period - Shot Blocked by Mitchell Heard.
18:18 of 3rd period - Wrist shot by Rich Clune.
18:18 of 3rd period - Stopped by Joe Cannata with a rebound.
18:35 of 3rd period - Mike Keenan is hit by Andrew Yogan.
18:50 of 3rd period - Icing by Tyler Pitlick.
18:51 of 3rd period - Tyler Pitlick wins face-off versus Jason Clark in Griffins zone.
19:08 of 3rd period - Griffins, Joe Cannata is pulled from the net.
19:14 of 3rd period - Snap shot by John Albert.
19:14 of 3rd period - Shot Misses the Net.
19:16 of 3rd period - Snap shot by John Albert.
19:16 of 3rd period - Stopped by Tyler Beskorowany with a rebound.
19:18 of 3rd period - Wrist shot by John Albert.
19:18 of 3rd period - Goal by John Albert - Griffins : 1 - Marlies : 1.
19:18 of 3rd period - Joe Cannata from Griffins was sent back in the game.
19:19 of 3rd period - Matt Marquardt wins face-off versus Shane Prince in neutral zone.
Goals for this period are 1 for Griffins vs 1 for Marlies.
Shots for this period are 18 for Griffins vs 9 for Marlies.

Overtime #1


0:01 of 1st overtime period - Colton Gillies wins face-off versus John McFarland in neutral zone.
0:32 of 1st overtime period - Slapshot by Colton Gillies.
0:32 of 1st overtime period - Shot Blocked by Adam Clendening.
0:46 of 1st overtime period - Backhand shot by Colton Gillies.
0:46 of 1st overtime period - Shot Blocked by Adam Clendening.
0:48 of 1st overtime period - Slapshot by Morgan Ellis.
0:48 of 1st overtime period - Stopped by Joe Cannata without a rebound.
0:49 of 1st overtime period - John McFarland wins face-off versus Colton Gillies in Griffins zone.
1:53 of 1st overtime period - Wrist shot by Joel Armia.
1:53 of 1st overtime period - Stopped by Joe Cannata with a rebound.
1:55 of 1st overtime period - Slapshot by Jonathon Blum.
1:55 of 1st overtime period - Shot Misses the Net.
1:57 of 1st overtime period - Snap shot by Joel Armia.
1:57 of 1st overtime period - Stopped by Joe Cannata with a rebound.
1:59 of 1st overtime period - Wrist shot by Joel Armia.
1:59 of 1st overtime period - Stopped by Joe Cannata with a rebound.
2:01 of 1st overtime period - Snap shot by Joel Armia.
2:01 of 1st overtime period - Stopped by Joe Cannata without a rebound.
2:02 of 1st overtime period - Colton Gillies wins face-off versus John McFarland in Griffins zone.
3:07 of 1st overtime period - Jonathon Blum is hit by Ben Eager and loses puck.
3:18 of 1st overtime period - Paul Thompson is hit by Jonathon Blum and loses puck.
3:25 of 1st overtime period - Slapshot by Jason Clark.
3:25 of 1st overtime period - Stopped by Joe Cannata with a rebound.
3:27 of 1st overtime period - Snap shot by Jason Clark.
3:27 of 1st overtime period - Shot Misses the Net.
3:29 of 1st overtime period - Snap shot by Drew Schiestel.
3:29 of 1st overtime period - Stopped by Joe Cannata with a rebound.
3:45 of 1st overtime period - Brendon Nash is hit by Mike Keenan and loses puck.
3:52 of 1st overtime period - Slapshot by Jonathon Blum.
3:52 of 1st overtime period - Shot Misses the Net.
3:54 of 1st overtime period - Slapshot by Morgan Ellis.
3:54 of 1st overtime period - Shot Misses the Net.
3:56 of 1st overtime period - Slapshot by Jonathon Blum.
3:56 of 1st overtime period - Deflect By Colton Gillies.
3:56 of 1st overtime period - Shot Blocked by Mike Keenan.
3:56 of 1st overtime period - Puck is out of play.
3:57 of 1st overtime period - Colton Gillies wins face-off versus John McFarland in Griffins zone.
4:37 of 1st overtime period - Adam Clendening is hit by Rich Clune.
Goals for this period are 0 for Griffins vs 0 for Marlies.
Shots for this period are 0 for Griffins vs 7 for Marlies.

ShootOut


5:00 of 1st overtime period - Penalty Shot by Matt Marquardt for Griffins.
5:00 of 1st overtime period - Snap shot by Matt Marquardt.
5:00 of 1st overtime period - Stopped by Tyler Beskorowany.
5:00 of 1st overtime period - Penalty Shot by Colton Gillies for Marlies.
5:00 of 1st overtime period - Wrist shot by Colton Gillies.
5:00 of 1st overtime period - Stopped by Joe Cannata.
5:00 of 1st overtime period - Penalty Shot by John Albert for Griffins.
5:00 of 1st overtime period - Wrist shot by John Albert.
5:00 of 1st overtime period - Shot Misses the Net.
5:00 of 1st overtime period - Penalty Shot by Shane Prince for Marlies.
5:00 of 1st overtime period - Snap shot by Shane Prince.
5:00 of 1st overtime period - Stopped by Joe Cannata.
5:00 of 1st overtime period - Penalty Shot by Ben Eager for Griffins.
5:00 of 1st overtime period - Snap shot by Ben Eager.
5:00 of 1st overtime period - Shot Misses the Net.
5:00 of 1st overtime period - Penalty Shot by Rich Clune for Marlies.
5:00 of 1st overtime period - Snap shot by Rich Clune.
5:00 of 1st overtime period - Shot Misses the Net.
5:00 of 1st overtime period - Penalty Shot by Mark Mancari for Griffins.
5:00 of 1st overtime period - Backhand shot by Mark Mancari.
5:00 of 1st overtime period - Stopped by Tyler Beskorowany.
5:00 of 1st overtime period - Penalty Shot by George Parros for Marlies.
5:00 of 1st overtime period - Wrist shot by George Parros.
5:00 of 1st overtime period - Shot Hit the Post.
5:00 of 1st overtime period - Penalty Shot by John McFarland for Griffins.
5:00 of 1st overtime period - Snap shot by John McFarland.
5:00 of 1st overtime period - Stopped by Tyler Beskorowany.
5:00 of 1st overtime period - Penalty Shot by Joel Armia for Marlies.
5:00 of 1st overtime period - Snap shot by Joel Armia.
5:00 of 1st overtime period - Stopped by Joe Cannata.
5:00 of 1st overtime period - Penalty Shot by Tyler Pitlick for Griffins.
5:00 of 1st overtime period - Backhand shot by Tyler Pitlick.
5:00 of 1st overtime period - Stopped by Tyler Beskorowany.
5:00 of 1st overtime period - Penalty Shot by Jonathon Blum for Marlies.
5:00 of 1st overtime period - Snap shot by Jonathon Blum.
5:00 of 1st overtime period - Shot Hit the Post.
5:00 of 1st overtime period - Penalty Shot by Mike Angelidis for Griffins.
5:00 of 1st overtime period - Backhand shot by Mike Angelidis.
5:00 of 1st overtime period - Stopped by Tyler Beskorowany.
5:00 of 1st overtime period - Penalty Shot by Jake Hansen for Marlies.
5:00 of 1st overtime period - Wrist shot by Jake Hansen.
5:00 of 1st overtime period - Stopped by Joe Cannata.
5:00 of 1st overtime period - Penalty Shot by Adam Clendening for Griffins.
5:00 of 1st overtime period - Snap shot by Adam Clendening.
5:00 of 1st overtime period - Goal by Adam Clendening.
5:00 of 1st overtime period - Penalty Shot by Andrew Yogan for Marlies.
5:00 of 1st overtime period - Snap shot by Andrew Yogan.
5:00 of 1st overtime period - Shot Misses the Net.


Output by the SimonT Hockey Simulator (STHS) for Eric Dolegowski -- Original Page W3C XHTML 1.0 Valid
Hockey Simulator - Hockey Simulation - Hockey Manager